 Dungeon Crawl Stone Soup version 0.29-a0-384-g6960b1960d (webtiles) character file.

Game seed: 5643119771078390940

30759 runemasterragnar the Carver (level 13, -2/90 HPs)
             Began as an Octopode Fighter on May 7, 2022.
             Was an Initiate of Gozag.
             Slain by a red devil
             ... wielding a +0 trident
             ... summoned by an orc high priest
              (13 damage)
             ... on level 2 of the Orcish Mines on May 8, 2022.
             The game lasted 00:29:44 (19226 turns).

runemasterragnar the Carver (Octopode Fighter)     Turns: 19226, Time: 00:29:46

Health: -2/90      AC:  7    Str: 22    XL:     13   Next: 53%
Magic:  13/13      EV: 24    Int: 15    God:    Gozag
Gold:   3444       SH:  8    Dex: 23    Spells: 12/12 levels left

rFire   + . .      SeeInvis +   Q - +3 scimitar (flame)
rCold   + + .      Faith    .   b - +1 buckler
rNeg    + . .      Spirit   .   (helmet restricted)
rPois   .          Reflect  .   x - amulet of the acrobat
rElec   .          Harm     .   i - ring of protection from fire
rCorr   .          Rampage  .   p - +4 ring of protection
Will    .....                   e - +6 ring of strength
Stlth   +++++++...              A - ring of see invisible
HPRegen 0.25/turn               D - +6 ring of dexterity
MPRegen 0.13/turn               G - ring of positive energy
                                E - +4 ring of evasion
                                I - +6 ring of dexterity

@: spiked, gold aura
A: almost no armour, amphibious, 8 rings, camouflage 1, gelatinous body 1,
(nimble swimmer 1), tentacles, iridescent scales 1, cold resistance 2
a: Renounce Religion, Potion Petition, Call Merchant, Bribe Branch


You were on level 2 of the Orcish Mines.
You worshipped Gozag.
Gozag was most pleased with you.
You visited 3 branches of the dungeon, and saw 16 of its levels.
You also visited: Sewer.

You collected 3619 gold pieces.
You paid 175 gold pieces to Gozag.

Inventory:

Hand Weapons
 a - a +1 long sword of flaming
 J - a +3 dagger
 Q - a +3 scimitar of flaming (weapon)
Missiles
 l - 3 throwing nets (quivered)
Armour
 b - a +1 buckler (worn)
Magical Staves
 n - a staff of poison
 y - a staff of air
Jewellery
 e - a +6 ring of strength (on tentacle)
 f - a ring of fire
 i - a ring of protection from fire (left tentacle)
 p - a +4 ring of protection (right tentacle)
 q - a ring of ice
 v - a ring of magical power
 w - a ring of flight
 x - an amulet of the acrobat (around mantle)
 A - a ring of see invisible (on tentacle)
 D - a +6 ring of dexterity (on tentacle)
 E - a +4 ring of evasion (on tentacle)
 G - a ring of positive energy (on tentacle)
 I - a +6 ring of dexterity (on tentacle)
 N - a ring of wizardry
 O - a +6 ring of intelligence
Wands
 t - a wand of paralysis (5)
 H - a wand of mindburst (7)
 K - a wand of acid (2)
 M - a wand of flame (5)
 R - a wand of iceblast (4)
Scrolls
 o - 3 scrolls of enchant armour
 r - 4 scrolls of teleportation
 z - a scroll of brand weapon
 L - 2 scrolls of identify
Potions
 c - 3 potions of might
 g - 2 potions of ambrosia
 h - 4 potions of cancellation
 j - 9 potions of curing
 m - 5 potions of attraction
 s - a potion of brilliance
 u - a potion of magic
 B - 3 potions of flight
 C - 12 potions of degeneration
 F - 2 potions of haste
 P - 2 potions of resistance
 T - a potion of invisibility


   Skills:
 + Level 9.2 Fighting
 * Level 12.5 Long Blades
 + Level 9.3 Dodging
 + Level 12.1 Stealth
 + Level 9.3 Shields
 + Level 8.7 Unarmed Combat


You had 12 spell levels left.
You didn't know any spells.
Your spell library contained the following spells:

 Spells                   Type           Power      Damage    Failure   Level
 Foxfire                  Conj/Fire      0%         2x1d4     32%         1
 Pain                     Necr           0%         1d4       32%         1
 Corpse Rot               Necr/Air       0%         N/A       45%         2
 Scorch                   Fire           0%         2d5       45%         2
 Conjure Flame            Conj/Fire      0%         6-21      69%         3
 Inner Flame              Hex/Fire       0%         N/A       69%         3
 Summon Guardian Golem    Hex/Summ       0%         N/A       69%         3
 Animate Dead             Necr           0%         N/A       97%         4
 Dispel Undead            Necr           0%         3d6       97%         4
 Flame Wave               Conj/Fire      0%         2d4       97%         4
 Agony                    Necr           0%         N/A       100%        5
 Excruciating Wounds      Necr           0%         N/A       100%        5
 Death Channel            Necr           0%         N/A       100%        6
 Summon Cactus Giant      Summ           0%         N/A       100%        6
 Haunt                    Necr/Summ      0%         N/A       100%        7
 Orb of Destruction       Conj           0%         9d5       100%        7
 Spellforged Servitor     Conj/Summ      0%         N/A       100%        7
 Infestation              Necr           0%         N/A       100%        8


Dungeon Overview and Level Annotations

Branches:
Dungeon (13/15)            Temple (1/1) D:7            Lair (0/6) D:11
    Orc (2/2) D:11            Elf (0/3) Orc:2         Sewer (visited)
 Vaults: D:13-14

Altars:
Cheibriados
Elyvilon
Fedhas
Gozag
Hepliaklqana
Kikubaaqudgha
Sif Muna
Trog
Uskayaw
Yredelemnul
The Shining One

Shops:
D:11 :   Orc:1 [   Orc:2 ?!

Portals:
Trove: D:10 (give 17 scrolls of teleportation)

Annotations:
D:9 exclusion: obsidian statue


Innate Abilities, Weirdness & Mutations

You cannot wear most types of armour.
You are amphibious.
You can wear up to eight rings at the same time.
Your skin changes colour to match your surroundings (Stealth+).
Your rubbery body absorbs attacks. (AC +1, EV +1)
((You are camouflaged when in or above water. (Stealth+)))
You have tentacles for arms and can constrict up to eight enemies at once.
You are partially covered in iridescent scales. (AC +2)
Your flesh is very cold resistant. (rC++)


Message History

You tentacle-slap the orc warrior.
You kill the orc warrior!
Your ogre dissolves into shadows!
Unknown command.
You hit the smoke demon. You squeeze the smoke demon!
The smoke demon is moderately wounded.
Your surroundings seem slightly different.
An orc high priest comes into view. It is wielding a +0 vorpal battleaxe.
The orc warrior misses you.
The orc high priest mumbles some strange prayers to Beogh against you.
Beogh smites you!
* * * LOW HITPOINT WARNING * * *
Unknown command.
As you read the scroll of summoning, it crumbles to dust.
Wisps of shadow whirl around you...
The orc warrior is distracted by your dazzling golden aura.
Unknown command.
Unknown command.
The barbs in your skin will harm you if you move.
Continue?
Okay, then.
Unknown command.
You feel much better.
The orc high priest mumbles some strange prayers to Beogh against you.
Beogh smites you! The demonspawn hits you!
* * * LOW HITPOINT WARNING * * *
The demonspawn claws you.
* * * LOW HITPOINT WARNING * * *
You block the demonspawn's attack.
The red devil hits you from afar with a +0 trident!
* * * LOW HITPOINT WARNING * * *
Barbed spikes become lodged in your body.
Unknown command.
Unknown command.
As you read the scroll of summoning, it crumbles to dust.
Wisps of shadow whirl around you...
The orc high priest is distracted by your dazzling golden aura.
The orc high priest barely misses your orc warrior.
The red devil hits you from afar with a +0 trident!
You die...
Your body crumbles into a pile of gold.

)...).###.o.##
#...###....
.....###.#.##
.##.#.###...
....###...## # #.
#...###.. .....###.#.##
.# #. #.## #..
......###.$.## .###o ##
#.. ......)###ยง$$# ..#o
##.. ........###..o##.o
# . #...
...>....####.o3#6#.#...#
##..
..........###o4o@..o..#
###
...........###.#h..#.##
# ...........# ##oC.o.#
..........######o..##
..............###.##
...............####
................#
...........#.#.##
#...............#


You could see a demonspawn, an orc knight, 2 orc high priests, a smoke demon
(summoned, ally target), a red devil (summoned, ally target), an orc warrior
(strong, ally target), a friendly cyclops (summoned), a friendly warg
(summoned), a friendly orc sorcerer (summoned), 3 friendly orc warriors and 3
friendly orcs.

Vanquished Creatures
  An ettin (Orc:1)
  Harold (D:11)
  3 hydras
  4 two-headed ogres
  4 orc knights
  Pikel (D:8)
  An ugly thing (D:12)
  A manticore (D:11)
  2 cyclopes
  5 orc sorcerers
  Maurice (D:8)
  A gargoyle (D:10)
  Maggie (D:8)
  2 unseen horrors (D:11)
  A komodo dragon (D:12)
  2 yaktaurs (D:11)
  An efreet (D:11)
  A hellwing (Orc:2)
  An ice devil (Orc:2)
  A guardian mummy (D:10)
  9 trolls
  Grinder (D:5)
  5 slime creatures
  A hornet (D:11)
  A shadow (D:9)
  A wyvern (D:10)
  2 humans (D:7)
  15 yaks
  A culicivora (shapeshifter) (D:11)
  A chaos spawn (Orc:2)
  3 steam dragons
  Menkaure (D:6)
  Edmund (D:6)
  3 wargs (Orc:2)
  2 acid dragons
  A water moccasin (D:7)
  3 ice beasts
  24 orc warriors
  2 sky beasts
  10 ogres
  3 black bears
  A boggart (D:11)
  9 centaurs
  2 phantoms
  4 kobold brigands
  6 bullfrogs
  2 necrophages
  4 scorpions
  22 killer bees
  2 electric eels (D:11)
  4 howler monkeys
  7 hounds
  A jelly (D:5)
  2 gnoll shamans (D:8)
  16 orc priests
  An iguana (D:4)
  Jessica (D:2)
  14 orc wizards
  A hound zombie (D:2)
  8 adders
  20 gnolls
  2 river rats (Sewer)
  An ufetubus (D:5)
  An adder zombie (D:2)
  3 worms
  A dart slug (D:4)
  55 orcs
  4 endoplasms
  15 giant cockroaches
  9 goblins
  13 hobgoblins
  3 jackals (D:7)
  2 quokkas
  17 ball pythons
  2 ball python skeletons (D:2)
  7 bats
  3 frilled lizards
  15 kobolds
  41 rats
446 creatures vanquished.

Vanquished Creatures (collateral kills)
  2 orc warriors
  2 orc priests
  An orc wizard (Orc:1)
  3 orcs
8 creatures vanquished.

Vanquished Creatures (others)
  2 orc warriors (Orc:2)
  3 goblins (D:10)
  21 fungi
  37 plants
63 creatures vanquished.

Grand Total: 517 creatures vanquished

Notes
Turn   | Place    | Note
-------+----------+-------------------------------------------
     0 | D:1      | runemasterragnar the Octopode Fighter began the quest for
                  | the Orb.
     0 | D:1      | Reached XP level 1. HP: 16/16 MP: 1/1
   189 | D:1      | Reached XP level 2. HP: 16/21 MP: 2/2
   758 | D:1      | Reached XP level 3. HP: 26/26 MP: 3/3
   828 | D:1      | Reached skill level 1 in Stealth
  1307 | D:2      | Reached skill level 1 in Unarmed Combat
  1336 | D:2      | Reached XP level 4. HP: 31/31 MP: 4/4
  1670 | D:2      | Noticed Jessica
  1676 | D:2      | Killed Jessica
  1979 | D:3      | Reached XP level 5. HP: 36/36 MP: 5/5
  2148 | D:3      | Found a glowing drain.
  2158 | Sewer    | Entered a sewer
  2634 | Sewer    | Reached XP level 6. HP: 21/42 MP: 6/6
  3341 | D:3      | Gained mutation: You tend to lose your temper in combat.
                  | [potion of mutation]
  3341 | D:3      | Gained mutation: You often lose your temper in combat.
                  | [potion of mutation]
  3341 | D:3      | Gained mutation: You have an uncontrollable temper. [potion
                  | of mutation]
  3424 | D:3      | Reached XP level 7. HP: 30/47 MP: 7/7
  5111 | D:4      | Found a shimmering blue altar of Sif Muna.
  5146 | D:5      | Entered Level 5 of the Dungeon
  5155 | D:5      | Reached skill level 5 in Long Blades
  5155 | D:5      | Reached XP level 8. HP: 54/54 MP: 8/8
  5437 | D:5      | Noticed Grinder
  5445 | D:5      | Killed Grinder
  5446 | D:5      | Reached skill level 5 in Stealth
  5488 | D:5      | Noticed a gargoyle
  5529 | D:6      | Noticed Menkaure
  5534 | D:6      | Killed Menkaure
  5542 | D:6      | Reached skill level 5 in Shields
  5561 | D:6      | Reached skill level 5 in Dodging
  5675 | D:6      | Reached XP level 9. HP: 60/60 MP: 9/9
  5787 | D:6      | Reached skill level 5 in Fighting
  6153 | D:6      | Noticed Edmund
  6161 | D:6      | Killed Edmund
  6322 | D:6      | Found a bloodstained altar of Trog.
  6350 | D:6      | Found a snail-covered altar of Cheibriados.
  6547 | D:6      | Found a faded altar of an unknown god.
  6548 | D:6      | Found a faded altar of an unknown god.
  6550 | D:6      | Found a hazy altar of Hepliaklqana.
  6905 | D:7      | You fall into a shaft and drop 2 floors!
  6918 | D:9      | Noticed a troll
  6999 | D:9      | Noticed a two-headed ogre
  7042 | D:8      | Noticed a cyclops
  7074 | D:8      | Killed a cyclops
  7233 | D:7      | Found a white marble altar of Elyvilon.
  7573 | D:7      | Reached skill level 5 in Unarmed Combat
  7573 | D:7      | Reached XP level 10. HP: 66/68 MP: 10/10
  7610 | D:7      | Found a staircase to the Ecumenical Temple.
  7619 | Temple   | Entered the Ecumenical Temple
  7625 | Temple   | Became a worshipper of Gozag Ym Sagoz the Greedy
  8783 | D:8      | Noticed Maggie
  8796 | D:8      | Killed Maggie
  8924 | D:8      | Noticed Maurice
  8930 | D:8      | Killed Maurice
  9089 | D:8      | Noticed Pikel
  9096 | D:8      | Killed Pikel
  9104 | D:8      | Reached XP level 11. HP: 62/74 MP: 11/11
  9884 | D:9      | Noticed an obsidian statue
 10712 | D:9      | Killed a two-headed ogre
 11258 | D:9      | Found a glowing golden altar of the Shining One.
 11704 | D:10     | Entered Level 10 of the Dungeon
 11771 | D:10     | Reached skill level 10 in Long Blades
 12079 | D:10     | Noticed a two-headed ogre
 12083 | D:10     | Killed a two-headed ogre
 12383 | D:10     | Lost mutation: You have an uncontrollable temper. [potion
                  | of mutation]
 12383 | D:10     | Lost mutation: You often lose your temper in combat.
                  | [potion of mutation]
 12383 | D:10     | Lost mutation: You tend to lose your temper in combat.
                  | [potion of mutation]
 12383 | D:10     | Gained mutation: Your flesh is cold resistant. (rC+)
                  | [potion of mutation]
 12383 | D:10     | Gained mutation: Your flesh is very cold resistant. (rC++)
                  | [potion of mutation]
 12383 | D:10     | Gained mutation: You are partially covered in iridescent
                  | scales. (AC +2) [potion of mutation]
 12890 | D:10     | Noticed a two-headed ogre
 12909 | D:10     | Killed a two-headed ogre
 13016 | D:10     | Found a portal to a secret trove of treasure.
 13031 | D:10     | Reached skill level 10 in Stealth
 13356 | D:11     | Noticed an eight-headed hydra
 13357 | D:11     | Found Capsona's Book Shop.
 13357 | D:11     | Noticed a manticore
 13361 | D:11     | Found a staircase to the Orcish Mines.
 13367 | D:11     | Killed a manticore
 13368 | D:11     | Reached XP level 12. HP: 82/82 MP: 12/12
 13472 | D:11     | Noticed a six-headed hydra
 13475 | D:11     | Killed a six-headed hydra
 13928 | D:11     | Noticed a two-headed ogre
 14192 | D:11     | Killed a two-headed ogre
 14972 | D:11     | Noticed Harold
 15029 | D:12     | Noticed a four-headed hydra
 15081 | D:12     | Killed a two-headed hydra
 15181 | D:11     | Killed a two-headed hydra
 15202 | D:11     | Found a staircase to the Lair.
 15207 | D:11     | Killed Harold
 16102 | D:13     | Noticed a tengu warrior
 16107 | D:12     | Reached XP level 13. HP: 89/89 MP: 13/13
 16140 | Orc:1    | Entered Level 1 of the Orcish Mines
 16585 | Orc:1    | Noticed an ettin
 16606 | Orc:1    | Killed an ettin
 16917 | Orc:2    | Entered Level 2 of the Orcish Mines
 17093 | Orc:2    | Found a staircase to the Elven Halls.
 17255 | Orc:2    | Found Topeliuf's Magic Scroll Shoppe.
 17256 | Orc:2    | Found Voeleepp's Distillery.
 18212 | Orc:1    | Found Boceseph's Antique Armour Shop.
 18754 | Orc:1    | You fall into a shaft and drop 1 floor!
 19226 | Orc:2    | Slain by a red devil

Illustrated notes

Levels and vault maps discovered:
D:1:      dpeg_arrival_prison, layout_basic
D:2:      layout_loops_ring, serial_undead, serial_undead_d, serial_undead_a,
          serial_undead_a, serial_undead_f, minmay_misc_feat_room, uniq_jessica
D:3:      kennysheep_six_static_rooms, layout_loops_ring,
          cheibrodos_sewer_entry_drain
D:4:      layout_loops_ring, nicolae_sif_muna_little_library, minmay_circle_x
D:5:      layout_rooms, cheibrodos_gnoll_hut, uniq_grinder
D:6:      layout_rooms, slow_altar_2, nicolae_hepliaklqana_ecumenical_no_more,
          lightli_temple_of_fire, uniq_edmund, uniq_menkaure
D:7:      erik_cavepeople, layout_basic, elyvilon_altar_5,
          minmay_temple_entry_overgrown
D:8:      kennysheep_seaside_town, layout_basic, uniq_maurice, uniq_maggie,
          uniq_pikel
D:9:      layout_small_grid, nicolae_tso_swordbearing_angel, minivault_16
D:10:     layout_loops_cross, enter_bailey_7, nicolae_trove_entry_path_of_doom
D:11:     layout_basic, grunt_lair_entry_orc_guard_hut, orc_0_dummy,
          gauntlet_entry_generic, serial_shops, nicolae_stop_n_shop_2,
          minmay_evil_grid, uniq_harold
D:12:     layout_basic
D:13:     minmay_wizard_corner, layout_loops_ring, david_vaults_1,
          grunt_ministairs_12, ashenzari_conservatory_becter
Temple:   eino_temple_rhombus
Orc:1:    layout_diamond_mine, serial_shops, nicolae_diamond_shop
Orc:2:    pf_orc_diabolical, layout_diamond_mine

Skill      XL: |  1  2  3  4  5  6  7  8  9 10 11 12 13 |
---------------+----------------------------------------+-----
Stealth        | 1 2 3 4 5 7 8 10 11 12 | 12.1
Unarmed Combat | 1 2 3 5 6 7 8 |  8.7
Long Blades    | 3 4 5 6 7 9 10 11 12 | 12.5
Dodging        | 4 5 6 7 8 9 |  9.3
Shields        | 4 5 6 7 8 9 |  9.3
Fighting       | 4 5 6 7 8 9 |  9.2

Action                   |  1- 3 |  4- 6 |  7- 9 | 10-12 | 13-15 || total
-------------------------+-------+-------+-------+-------+-------++-------
Melee: Long sword        |    56 |   153 |   224 |   315 |       ||   748
       Constrict         |    14 |    34 |    49 |    47 |    40 ||   184
       Tentacles         |     8 |    17 |    48 |   127 |    66 ||   266
       Punch             |     2 |     1 |     6 |    29 |    13 ||    51
       Unarmed           |       |     7 |     3 |       |       ||    10
       Dagger            |       |       |       |    10 |       ||    10
       Scimitar          |       |       |       |   112 |   212 ||   324
Evoke: Wand              |       |       |     2 |    22 |    25 ||    49
  Use: Scroll            |       |    15 |     7 |     7 |     6 ||    35
       Potion            |       |     3 |     2 |     3 |     2 ||    10
 Stab: Sleeping          |     7 |    15 |    12 |    20 |     3 ||    57
       Paralysed         |       |       |     3 |     4 |       ||     7
       Distracted        |       |       |       |     7 |     2 ||     9
Armor: Skin              |     3 |   137 |    75 |    43 |    16 ||   274
Dodge: Dodged            |    31 |   105 |   145 |   327 |   129 ||   737
Block: Buckler           |    14 |    76 |    78 |   154 |    73 ||   395

Table legend: (Time is in decaauts)
 A = Elapsed time spent in this place.
 B = Non-inter-level travel time spent in this place.
 C = Inter-level travel time spent in this place.
 D = Time resting spent in this place.
 E = Time spent auto-exploring this place.
 F = Levels seen in this place.
 G = Mean time per level.
                   A        B        C        D        E       F      G
               +--------+--------+--------+--------+--------+-----+--------+
         Total |  19563 |  18972 |    591 |   2616 |  12466 |  17 | 1150.8 |
       Dungeon |  15526 |  14973 |    553 |   1602 |  10390 |  13 | 1194.3 |
        Temple |     12 |     12 |      0 |      0 |      0 |   1 |   12.0 |
  Orcish Mines |   3048 |   3010 |     38 |    690 |   1679 |   2 | 1524.0 |
         Sewer |    976 |    976 |      0 |    324 |    397 |   1 |  976.0 |
               +--------+--------+--------+--------+--------+-----+--------+

Top non-repeatable levels by time:
   Orc:2: 2027 daAuts
    D:10: 1972 daAuts
     D:9: 1954 daAuts
     D:8: 1796 daAuts
    D:11: 1639 daAuts
     D:7: 1507 daAuts
     D:3: 1374 daAuts
     D:1: 1159 daAuts
   Orc:1: 1020 daAuts
     D:4: 1017 daAuts
   Sewer: 976 daAuts
     D:6: 832 daAuts
    D:12: 818 daAuts
     D:2: 804 daAuts
     D:5: 643 daAuts
